 Dungeon Crawl Stone Soup version 0.29-a0-993-g4a18f31a58 (webtiles) character file.

Game seed: 1071043177485431757

11 vurker the Sneak (level 2, -2/14 HPs)
             Began as a Vine Stalker Enchanter on Aug 2, 2022.
             Slain by a goblin
             ... wielding a +0 dagger
              (3 damage)
             ... on level 1 of the Dungeon.
             The game lasted 00:00:31 (220 turns).

vurker the Sneak (Vine Stalker Enchanter)            Turns: 220, Time: 00:00:32

Health: -2/14      AC:  2    Str: 10    XL:     2   Next: 29%
Magic:  0/6        EV: 12    Int: 15    God:
Gold:   0          SH:  0    Dex: 14    Spells: 5/5 levels left

rFire   . . .      SeeInvis .   a - +1 dagger
rCold   . . .      Faith    .   (no shield)
rNeg    . . .      Spirit   +   b - +0 robe
rPois   .          Reflect  .   (no helmet)
rElec   .          Harm     .   (no cloak)
rCorr   .          Rampage  .   (no gloves)
Will    .....                   (no boots)
Stlth   ++........              (no amulet)
HPRegen 0.04/turn               (no ring)
MPRegen 0.10/turn               (no ring)

@: no status effects
A: fangs 2, magic shield, antimagic bite, no potion heal 2
a: no special abilities


You were on level 1 of the Dungeon.
You visited 1 branch of the dungeon, and saw 1 of its levels.

Inventory:

Hand Weapons
 a - a +1 dagger (weapon)
Armour
 b - a +0 robe (worn)
Scrolls
 e - a scroll of identify {unknown}
Potions
 c - 2 potions of invisibility
 d - a potion of magic {unknown}


   Skills:
 + Level 0.5 Fighting
 * Level 1.5 Short Blades
 - Level 1.5 Dodging
 + Level 3.9 Stealth
 - Level 2.1 Spellcasting
 - Level 3.0 Hexes


You had 5 spell levels left.
You didn't know any spells.
Your spell library contained the following spells:

 Spells                   Type           Power      Damage    Failure   Level
 Ensorcelled Hibernation  Hex/Ice        12%        N/A       19%         2
 Confusing Touch          Hex            10%        N/A       19%         3
 Tukima's Dance           Hex            10%        N/A       19%         3
 Dazzling Flash           Conj/Hex       12%        N/A       34%         3


Dungeon Overview and Level Annotations

Branches:
Dungeon (1/15)

Altars:


Innate Abilities, Weirdness & Mutations

You have extremely sharp teeth.
When hurt, damage is shared between your health and your magic reserves.
Your bite disrupts and absorbs the magic of your enemies.
Potions cannot restore your health.


Message History

You kill the rat!
The quokka bites you.
You hit the quokka. You bite the quokka. You drain its power.
The quokka bites you.
You hit the quokka but do no damage.
The quokka bites you but does no damage.
You hit the quokka.
You kill the quokka!
No target in view!
A kobold comes into view. It is wielding a +0 short sword.
A kobold is nearby!
A kobold is nearby!
An endoplasm comes into view.
A quokka comes into view.
Found 9 gold pieces.
The kobold shouts!
You hear a shout!
A goblin comes into view. It is wielding a +0 dagger.
A rat comes into view.
A ball python comes into view.
An endoplasm comes into view.
A rat comes into view.
The endoplasm quivers.
The ball python hisses angrily.
You hit the kobold. Your bite misses the kobold. You closely miss the kobold.
You bite the kobold, but do no damage.
The kobold hits you with a +0 short sword.
An endoplasm comes into view.
The quokka attacks as you move away! The quokka closely misses you.
The quokka bites you. The quokka bites you.
The kobold attacks as you move away!
The kobold hits you with a +0 short sword.
* * * LOW HITPOINT WARNING * * *
The quokka attacks as you move away! The quokka barely misses you.
The quokka attacks as you move away! The quokka misses you.
The goblin attacks as you move away! The goblin hits you with a +0 dagger.
* * * LOW HITPOINT WARNING * * *
The endoplasm quivers.
The rat attacks as you move away! The rat barely misses you.
You barely miss the goblin. You bite the goblin, but do no damage.
The goblin barely misses you. The kobold closely misses you.
The kobold attacks as you move away! The kobold misses you.
The goblin attacks as you move away! The goblin misses you.
The quokka bites you. The quokka attacks as you move away!
The quokka bites you.
* * * LOW HITPOINT WARNING * * *
A rat comes into view.
The goblin attacks as you move away! The goblin hits you with a +0 dagger.
* * * LOW HITPOINT WARNING * * *
You closely miss the goblin. The goblin hits you with a +0 dagger.
You die...

#.............##
.......#JS...## #######
......$.#r####
##.....####.####..r.######
.........## ##........#
....#<....##### ##.......###
...###.....#...###r.........
...# #.....##....gK......#
..## ##.....#...@#.†.....#
..# #..#..#...##.......# ...
..# #..#..#......#..#### ...
..## ##.....#..###.#....#
.$. ...# #.....##.. #.##.#.#
...
...###.....##r.###.##.#.##.#
..........##...............#
....#....##..............###
##).######
..............######


You could see a quokka, a goblin, a kobold and a rat.

Vanquished Creatures
  A dart slug (D:1)
  4 endoplasms (D:1)
  A quokka (D:1)
  A kobold (D:1)
  2 rats (D:1)
9 creatures vanquished.

Notes
Turn   | Place    | Note
-------+----------+-------------------------------------------
     0 | D:1      | vurker the Vine Stalker Enchanter began the quest for the
                  | Orb.
     0 | D:1      | Reached XP level 1. HP: 9/9 MP: 4/4
    35 | D:1      | Reached skill level 1 in Short Blades
   125 | D:1      | Reached XP level 2. HP: 14/14 MP: 6/6
   220 | D:1      | Slain by a goblin

Illustrated notes

Levels and vault maps discovered:
D:1:      minmay_arrival_loop, layout_rooms, dreamdust_mushroom_princess,
          minmay_surrounded

Skill      XL: |  1 |
---------------+----+-----
Short Blades   | 1 |  1.5
Fighting       | |  0.5
Dodging        | |  1.5
Stealth        | |  3.9
Spellcasting   | |  2.1
Hexes          | |  3.0

Action                   || total
-------------------------++-------
Melee: Dagger            ||    24
       Bite              ||     7
       Punch             ||     1
 Stab: Sleeping          ||     4
Armor: Robe              ||     4
Dodge: Dodged            ||    14

Table legend: (Time is in decaauts)
 A = Elapsed time spent in this place.
 B = Non-inter-level travel time spent in this place.
 C = Inter-level travel time spent in this place.
 D = Time resting spent in this place.
 E = Time spent auto-exploring this place.
 F = Levels seen in this place.
 G = Mean time per level.
                   A        B        C        D        E       F      G
               +--------+--------+--------+--------+--------+-----+--------+
         Total |    218 |    218 |      0 |      0 |    136 |   1 |  218.0 |
       Dungeon |    218 |    218 |      0 |      0 |    136 |   1 |  218.0 |
               +--------+--------+--------+--------+--------+-----+--------+

Top non-repeatable levels by time:
     D:1: 218 daAuts
